| TOP OF THE 1ST |
|
University of Conneticut Huskies batting - Pitching for Florida State University Seminoles : RHP Matthew Orphan
|
|
Pitching: RHP Matthew Orphan
|
|
|
Batting: RHB Matt Hinkle
|
0-0: Ball 1-0: Called Strike 1-1: Foul Ball, location: 2F 1-2: Fly out, F8 (Flyball, 78D, EV 93.1 MPH)
|
|
Batting: LHB Nick Rooney
|
0-0: Ball 1-0: Called Strike 1-1: Swinging Strike 1-2: Ground out 3-1 (Groundball, 13, EV 88.1 MPH)
|
|
Batting: RHB Ryan Walker
|
0-0: Fly out, F6 (Popup, 6M, EV 60.6 MPH)
|
| Top of the 1st over - 0 runs, 0 hits, 0 errors, 0 left on base; University of Conneticut 0 - Florida State University 0 |
| BOTTOM OF THE 1ST |
|
Florida State University Seminoles batting - Pitching for University of Conneticut Huskies : LHP Willie Rivera
|
|
Pitching: LHP Willie Rivera
|
|
|
Batting: RHB Jason Baldwin
|
0-0: Ball 1-0: Called Strike 1-1: Swinging Strike 1-2: Ball 2-2: Strikes out swinging
|
|
Batting: RHB Mike Conaway
|
0-0: Ball 1-0: Ball 2-0: Reached on error, E5 (Groundball, 56, EV 91.9 MPH)
|
|
Batting: RHB David Watkins
|
0-0: Ball 1-0: Ball 2-0: Swinging Strike 2-1: Swinging Strike 2-2: Foul Ball, location: 2F 2-2: Strikes out swinging
|
|
Batting: LHB Sam Williams
|
0-0: Ball Wild Pitch! Mike Conaway to second 1-0: Ball 2-0: Fly out, F6 (Popup, 6M, EV 71.9 MPH)
|
| Bottom of the 1st over - 0 runs, 0 hits, 1 error, 1 left on base; University of Conneticut 0 - Florida State University 0 |
| TOP OF THE 2ND |
|
University of Conneticut Huskies batting - Pitching for Florida State University Seminoles : RHP Matthew Orphan
|
|
Batting: RHB Jose Tovar
|
0-0: Called Strike 0-1: Foul Ball, location: 2F 0-2: Foul Ball, location: 2F 0-2: Strikes out swinging
|
|
Batting: LHB George Roben
|
0-0: Called Strike 0-1: Called Strike 0-2: Foul Ball, location: 2F 0-2: Ball 1-2: Ball 2-2: Fly out, F9 (Flyball, 89D, EV 88.1 MPH)
|
|
Batting: RHB Alex Melendez
|
0-0: Foul Ball, location: 2F 0-1: Ground out 1-3 (Groundball, 15S, EV 74.4 MPH)
|
| Top of the 2nd over - 0 runs, 0 hits, 0 errors, 0 left on base; University of Conneticut 0 - Florida State University 0 |
| BOTTOM OF THE 2ND |
|
Florida State University Seminoles batting - Pitching for University of Conneticut Huskies : LHP Willie Rivera
|
|
Batting: RHB Chris Fruit
|
0-0: SINGLE (Groundball, 56D, EV 102.5 MPH)
|
|
Batting: LHB Steve Nevis
|
0-0: Swinging Strike 0-1: Fly out, F3 (Line Drive, 3, EV 65.6 MPH) Lined into DP, U3 (Line Drive, 3, EV 73.1 MPH)
|
|
Batting: RHB David Sharp
|
0-0: Ground out 5-3 (Groundball, 56, EV 90.0 MPH)
|
| Bottom of the 2nd over - 0 runs, 1 hit, 0 errors, 0 left on base; University of Conneticut 0 - Florida State University 0 |
| TOP OF THE 3RD |
|
University of Conneticut Huskies batting - Pitching for Florida State University Seminoles : RHP Matthew Orphan
|
|
Batting: LHB Greg Hammond
|
0-0: Ball 1-0: Foul Ball, location: 2F 1-1: Foul Ball, location: 2F 1-2: Ball 2-2: Ball 3-2: Foul Ball, location: 2F 3-2: Strikes out looking
|
|
Batting: RHB Bob Hayes
|
0-0: Called Strike 0-1: Foul Ball, location: 2F 0-2: Foul Ball, location: 2F 0-2: Ball 1-2: Strikes out swinging
|
|
Batting: LHB Matt McKeon
|
0-0: Called Strike 0-1: Ball 1-1: Called Strike 1-2: Ball 2-2: Strikes out swinging
|
| Top of the 3rd over - 0 runs, 0 hits, 0 errors, 0 left on base; University of Conneticut 0 - Florida State University 0 |
| BOTTOM OF THE 3RD |
|
Florida State University Seminoles batting - Pitching for University of Conneticut Huskies : LHP Willie Rivera
|
|
Batting: RHB Bryan Massey
|
0-0: Called Strike 0-1: Ball 1-1: Foul Ball, location: 2F 1-2: Foul Ball, location: 2F 1-2: Foul Ball, location: 2F 1-2: Ball 2-2: Ball 3-2: Base on Balls
|
|
Batting: RHB Taffounnout Kame
|
0-0: Called Strike 0-1: Swinging Strike 0-2: Foul Ball, location: 2F 0-2: Ball 1-2: Strikes out swinging
|
|
Batting: RHB Jason Baldwin
|
0-0: Ball 1-0: Swinging Strike 1-1: Ball 2-1: Called Strike 2-2: Ball 3-2: Fly out, F3 (Popup, 3, EV 60.6 MPH)
|
|
Batting: RHB Mike Conaway
|
0-0: Called Strike 0-1: Ball 1-1: Swinging Strike 1-2: Strikes out swinging
|
| Bottom of the 3rd over - 0 runs, 0 hits, 0 errors, 1 left on base; University of Conneticut 0 - Florida State University 0 |
| TOP OF THE 4TH |
|
University of Conneticut Huskies batting - Pitching for Florida State University Seminoles : RHP Matthew Orphan
|
|
Batting: RHB Matt Hinkle
|
0-0: Ball 1-0: Foul Ball, location: 2F 1-1: Fly out, F6 (Popup, 56, EV 71.3 MPH)
|
|
Batting: LHB Nick Rooney
|
0-0: Ground out 1-3 (Groundball, 13S, EV 66.3 MPH)
|
|
Batting: RHB Ryan Walker
|
0-0: SOLO HOME RUN (Flyball, 7LD, EV 91.3 MPH), Distance : 327 ft
|
|
Batting: RHB Jose Tovar
|
0-0: Foul Ball, location: 2F 0-1: Swinging Strike 0-2: SOLO HOME RUN (Flyball, 7LD, EV 94.4 MPH), Distance : 325 ft
|
|
Batting: LHB George Roben
|
0-0: Ball 1-0: Foul Ball, location: 2F 1-1: Foul Ball, location: 2F 1-2: Fly out, F8 (Flyball, 8RM, EV 96.3 MPH)
|
| Top of the 4th over - 2 runs, 2 hits, 0 errors, 0 left on base; University of Conneticut 2 - Florida State University 0 |
| BOTTOM OF THE 4TH |
|
Florida State University Seminoles batting - Pitching for University of Conneticut Huskies : LHP Willie Rivera
|
|
Batting: RHB David Watkins
|
0-0: TRIPLE (Flyball, 8RXD, EV 105.0 MPH)
|
|
Batting: LHB Sam Williams
|
0-0: Ball 1-0: Ground out 1-3 (Groundball, 34S, EV 64.4 MPH)
|
|
Batting: RHB Chris Fruit
|
0-0: Reached on error, E5 (Groundball, 56S, EV 70.6 MPH) David Watkins scores
|
|
Batting: LHB Steve Nevis
|
0-0: Reached on error, E4 (Groundball, 4, EV 89.4 MPH) Chris Fruit to second
|
|
Batting: RHB David Sharp
|
0-0: Ball 1-0: Ball Chris Fruit steals 3rd base Steve Nevis to second 2-0: 3-RUN HOME RUN (Flyball, 78XD, EV 100.0 MPH), Distance : 375 ft
|
|
Batting: RHB Bryan Massey
|
0-0: Fly out, F9 (Flyball, 9D, EV 91.9 MPH)
|
|
Batting: RHB Taffounnout Kame
|
0-0: Foul Ball, location: 2F 0-1: Ball 1-1: Ball 2-1: Ball 3-1: Foul Ball, location: 2F 3-2: Foul Ball, location: 2F 3-2: Foul Ball, location: 2F 3-2: Strikes out swinging
|
| Bottom of the 4th over - 4 runs, 2 hits, 2 errors, 0 left on base; University of Conneticut 2 - Florida State University 4 |
| TOP OF THE 5TH |
|
University of Conneticut Huskies batting - Pitching for Florida State University Seminoles : RHP Matthew Orphan
|
|
Batting: RHB Alex Melendez
|
0-0: Ball 1-0: Swinging Strike 1-1: Swinging Strike 1-2: Foul Ball, location: 2F 1-2: Ball 2-2: Foul Ball, location: 2F 2-2: Foul Ball, location: 2F 2-2: Ball 3-2: SINGLE (Flyball, 8LS, EV 85.6 MPH)
|
|
Batting: LHB Greg Hammond
|
0-0: Called Strike 0-1: Swinging Strike 0-2: Ball 1-2: Ball Wild Pitch! Alex Melendez to second 2-2: Fly out, F8 (Line Drive, 8LD, EV 96.9 MPH)
|
|
Batting: RHB Bob Hayes
|
0-0: 2-RUN HOME RUN (Line Drive, 78XD, EV 100.0 MPH), Distance : 390 ft
|
|
Batting: LHB Matt McKeon
|
0-0: Ball 1-0: Ball 2-0: Ball 3-0: Called Strike 3-1: SINGLE (Groundball, 5S, EV 69.4 MPH) (infield hit)
|
|
Batting: RHB Matt Hinkle
|
0-0: Ball 1-0: Called Strike 1-1: Called Strike 1-2: Strikes out swinging Matt McKeon steals 2nd base Batter strikes out.
|
|
Batting: LHB Nick Rooney
|
0-0: Swinging Strike 0-1: Ball 1-1: Ground out 4-3 (Groundball, 4, EV 91.3 MPH)
|
| Top of the 5th over - 2 runs, 3 hits, 0 errors, 1 left on base; University of Conneticut 4 - Florida State University 4 |
| BOTTOM OF THE 5TH |
|
Florida State University Seminoles batting - Pitching for University of Conneticut Huskies : LHP Willie Rivera
|
|
Batting: RHB Jason Baldwin
|
0-0: Called Strike 0-1: SINGLE (Groundball, 56D, EV 105.6 MPH)
|
|
Batting: RHB Mike Conaway
|
0-0: Called Strike Jason Baldwin steals 2nd base 0-1: SINGLE (Groundball, 6MD, EV 103.8 MPH) Jason Baldwin to third Runner from 3rd tries for Home, SAFE, throw by CF to home
|
|
Pitching: LHP Ernesto Ruiz
|
|
|
Batting: RHB David Watkins
|
0-0: Ball 1-0: Ball 2-0: Called Strike 2-1: SINGLE (Groundball, 6MD, EV 105.6 MPH) Mike Conaway to second
|
|
Batting: LHB Sam Williams
|
0-0: SINGLE (Groundball, 4MD, EV 100.0 MPH) Mike Conaway to third David Watkins to second
|
|
Batting: RHB Chris Fruit
|
0-0: Foul Ball, location: 2F 0-1: Ball 1-1: Ball 2-1: Ball 3-1: Base on Balls Mike Conaway scores David Watkins to third Sam Williams to second
|
|
Batting: LHB Steve Nevis
|
0-0: Ball 1-0: Ball 2-0: Called Strike 2-1: Ball 3-1: Base on Balls David Watkins scores Sam Williams to third Chris Fruit to second
|
|
Batting: RHB David Sharp
|
0-0: Foul Ball, location: 2F 0-1: Called Strike 0-2: Ball 1-2: Ball 2-2: Foul Ball, location: 2F 2-2: Fly out, F7 (Flyball, 78M, EV 95.0 MPH) Runner from 3rd tags up, SCORES, throw by LF
|
|
Batting: RHB Bryan Massey
|
0-0: Grounds into double play, 4-6-3 (Groundball, 4, EV 103.8 MPH)
|
| Bottom of the 5th over - 4 runs, 4 hits, 0 errors, 1 left on base; University of Conneticut 4 - Florida State University 8 |
| TOP OF THE 6TH |
|
University of Conneticut Huskies batting - Pitching for Florida State University Seminoles : RHP Matthew Orphan
|
|
Pitching: RHP Brad Sanchez
|
|
|
Batting: RHB Ryan Walker
|
0-0: Ball 1-0: Swinging Strike 1-1: Ball 2-1: Fly out, F9 (Flyball, 9S, EV 88.1 MPH)
|
|
Batting: RHB Jose Tovar
|
0-0: Ground out 1-3 (Groundball, 13S, EV 71.3 MPH)
|
|
Batting: LHB George Roben
|
0-0: Swinging Strike 0-1: Foul Ball, location: 2F 0-2: Foul Ball, location: 2F 0-2: Strikes out looking
|
| Top of the 6th over - 0 runs, 0 hits, 0 errors, 0 left on base; University of Conneticut 4 - Florida State University 8 |
| BOTTOM OF THE 6TH |
|
Florida State University Seminoles batting - Pitching for University of Conneticut Huskies : LHP Ernesto Ruiz
|
|
Batting: RHB Taffounnout Kame
|
0-0: Ground out 6-3 (Groundball, 6, EV 105.6 MPH)
|
|
Batting: RHB Jason Baldwin
|
0-0: Ball 1-0: Foul Ball, location: 2F 1-1: SINGLE (Line Drive, 78S, EV 90.0 MPH)
|
|
Batting: RHB Mike Conaway
|
0-0: Called Strike 0-1: Foul Ball, location: 2F 0-2: Ground out 4-3 (Groundball, 4, EV 83.1 MPH) Jason Baldwin to second
|
|
Batting: RHB David Watkins
|
0-0: Ball 1-0: Ball 2-0: Fly out, F9 (Flyball, 9S, EV 87.5 MPH)
|
| Bottom of the 6th over - 0 runs, 1 hit, 0 errors, 1 left on base; University of Conneticut 4 - Florida State University 8 |
| TOP OF THE 7TH |
|
University of Conneticut Huskies batting - Pitching for Florida State University Seminoles : RHP Brad Sanchez
|
|
Batting: RHB Alex Melendez
|
0-0: Ball 1-0: Foul Ball, location: 2F 1-1: Ball 2-1: Ball 3-1: Base on Balls
|
|
Batting: LHB Greg Hammond
|
0-0: Ball 1-0: Called Strike 1-1: Called Strike 1-2: Strikes out swinging
|
|
Batting: RHB Bob Hayes
|
0-0: Ball 1-0: Called Strike 1-1: Swinging Strike 1-2: Foul Ball, location: 2F 1-2: Foul Ball, location: 2F 1-2: Ball 2-2: Ball 3-2: Base on Balls Alex Melendez to second
|
|
Batting: LHB Matt McKeon
|
0-0: Called Strike 0-1: Called Strike 0-2: Ball 1-2: Foul Ball, location: 2F 1-2: Ball 2-2: Fly out, F8 (Flyball, 8LS, EV 90.0 MPH)
|
|
Batting: RHB Matt Hinkle
|
0-0: Ball 1-0: Swinging Strike 1-1: Foul Ball, location: 2F 1-2: Strikes out swinging
|
| Top of the 7th over - 0 runs, 0 hits, 0 errors, 2 left on base; University of Conneticut 4 - Florida State University 8 |
| BOTTOM OF THE 7TH |
|
Florida State University Seminoles batting - Pitching for University of Conneticut Huskies : LHP Ernesto Ruiz
|
|
Batting: RHB Josh Truell
|
0-0: Ground out 5-3 (Groundball, 56S, EV 88.1 MPH)
|
|
Batting: RHB Chris Fruit
|
0-0: Called Strike 0-1: Ball 1-1: Ball 2-1: Called Strike 2-2: SOLO HOME RUN (Flyball, 7D, EV 93.8 MPH), Distance : 368 ft
|
|
Batting: LHB Steve Nevis
|
0-0: Called Strike 0-1: Ground out 6-3 (Groundball, 6M, EV 106.3 MPH)
|
|
Batting: RHB David Sharp
|
0-0: Called Strike 0-1: Fly out, F9 (Flyball, 9S, EV 87.5 MPH)
|
| Bottom of the 7th over - 1 run, 1 hit, 0 errors, 0 left on base; University of Conneticut 4 - Florida State University 9 |
| TOP OF THE 8TH |
|
University of Conneticut Huskies batting - Pitching for Florida State University Seminoles : RHP Brad Sanchez
|
|
Batting: LHB Nick Rooney
|
0-0: Ball 1-0: Ball 2-0: Fly out, F7 (Flyball, 7D, EV 73.8 MPH)
|
|
Batting: RHB Ryan Walker
|
0-0: Ball 1-0: Ball 2-0: Called Strike 2-1: Ball 3-1: Base on Balls
|
|
Pitching: LHP Jordan Ruiz
|
|
|
Batting: RHB Jose Tovar
|
0-0: Ball 1-0: Called Strike 1-1: Ball 2-1: Ball 3-1: Called Strike 3-2: Base on Balls Ryan Walker to second
|
|
Batting: SHB Ryan Buchbinder
|
0-0: Ball 1-0: Ball Wild Pitch! Ryan Walker to third Jose Tovar to second 2-0: Ball 3-0: Base on Balls
|
|
Batting: RHB Alex Melendez
|
0-0: Called Strike 0-1: Swinging Strike 0-2: Fly out, F9 (Flyball, 9LS, EV 93.8 MPH)
|
|
Pinch Hitting: RHB Khalil Stephens
|
0-0: Called Strike 0-1: GRAND SLAM HOME RUN (Flyball, 7D, EV 93.1 MPH), Distance : 367 ft
|
|
Pitching: RHP Tim Anderson
|
|
|
Batting: RHB Bob Hayes
|
0-0: Ball 1-0: Foul Ball, location: 2F 1-1: Ball 2-1: Foul Ball, location: 2F 2-2: SINGLE (Line Drive, 8RS, EV 88.8 MPH)
|
|
Batting: LHB Matt McKeon
|
0-0: Called Strike 0-1: Called Strike 0-2: Ball 1-2: Foul Ball, location: 2F 1-2: Strikes out swinging
|
| Top of the 8th over - 4 runs, 2 hits, 0 errors, 1 left on base; University of Conneticut 8 - Florida State University 9 |
| BOTTOM OF THE 8TH |
|
Florida State University Seminoles batting - Pitching for University of Conneticut Huskies : LHP Ernesto Ruiz
|
|
Pitching: RHP Oswaldo Vasquez
|
|
|
Now in RF: Matt Urbani
|
|
|
Batting: RHB Bryan Massey
|
0-0: Called Strike 0-1: Called Strike 0-2: Ball 1-2: Ball 2-2: Strikes out looking
|
|
Pinch Hitting: RHB Josh Jones
|
0-0: Ball 1-0: Fly out, F7 (Flyball, 78D, EV 91.9 MPH)
|
|
Batting: RHB Jason Baldwin
|
0-0: Hit by Pitch
|
|
Batting: RHB Mike Conaway
|
0-0: Ball 1-0: Fielders Choice at 2nd, 6-4 (Groundball, 6, EV 83.8 MPH)
|
| Bottom of the 8th over - 0 runs, 0 hits, 0 errors, 1 left on base; University of Conneticut 8 - Florida State University 9 |
| TOP OF THE 9TH |
|
University of Conneticut Huskies batting - Pitching for Florida State University Seminoles : RHP Tim Anderson
|
|
Pitching: LHP Dzintars Balodis
|
|
|
Now in CF: Jonathan Iniguez
|
|
|
Batting: RHB Matt Hinkle
|
0-0: Called Strike 0-1: Ball 1-1: Ball 2-1: Foul Ball, location: 2F 2-2: Ball 3-2: Strikes out swinging
|
|
Pinch Hitting: RHB Tim Jobe
|
0-0: Foul Ball, location: 2F 0-1: Foul Ball, location: 2F 0-2: Strikes out swinging
|
|
Batting: RHB Ryan Walker
|
0-0: Called Strike 0-1: Foul Ball, location: 2F 0-2: Ball 1-2: Foul Ball, location: 2F 1-2: Ball 2-2: Foul Ball, location: 2F 2-2: Ball 3-2: Strikes out swinging
|
| Top of the 9th over - 0 runs, 0 hits, 0 errors, 0 left on base; University of Conneticut 8 - Florida State University 9 |
|